 Dungeon Crawl Stone Soup version 0.30-b1-2-g02819fbbbe (webtiles) character file.

Game seed: 126195030270409030

11274 Anothat the Cleaver (level 11, -1/145 HPs)
             Began as an Armataur Fighter on May 9, 2023.
             Was an Initiate of Gozag.
             Slain by a wolf (3 damage)
             ... on level 1 of the Lair of Beasts.
             The game lasted 00:17:13 (11528 turns).

Anothat the Cleaver (Armataur Fighter)             Turns: 11528, Time: 00:17:14

Health: -1/145     AC: 18    Str: 25    XL:     11   Next: 47%
Magic:  0/11       EV:  4    Int:  9    God:    Gozag
Gold:   468        SH:  4    Dex: 10    Spells: 10/10 levels left

rFire   . . .        C - +3 hand axe (freeze)
rCold   + . .        c - +0 buckler
rNeg    . . .        m - +1 plate armour
rPois   .            (no helmet)
rElec   .            E - +1 cloak
rCorr   .            t - +1 pair of gloves
SInv    .            (no barding)
Will    +....        s - amulet of guardian spirit Stlth
                     l - ring of protection from cold
HPRegen 0.44/turn    y - +4 ring of protection
MPRegen 0.12/turn

%: guardian spirit, roll
@: berserking, marked, gold aura, studying Shields, very quick
A: large, rugged brown scales 3, deformed body, armoured tail, roll, long
tongue, awkward tongue, frail 1, strong-willed 1, wild magic 1
a: Renounce Religion, Potion Petition, Call Merchant, Bribe Branch


You were on level 1 of the Lair of Beasts.
You worshipped Gozag.
Gozag was aware of your devotion.
You visited 2 branches of the dungeon, and saw 10 of its levels.

You collected 1998 gold pieces.
You spent 55 gold pieces at shops.
You paid 1475 gold pieces to Gozag.

Inventory:

Hand Weapons
 a - a +1 war axe
 h - a +2 battleaxe of freezing
 C - a +3 hand axe of freezing (weapon)
Armour
 c - a +0 buckler (worn)
 m - a +1 plate armour (worn)
 t - a +1 pair of gloves (worn)
 w - a scarf of harm
 E - a +1 cloak (worn)
Jewellery
 b - a ring of ice
 l - a ring of protection from cold (left hand)
 s - an amulet of guardian spirit (around neck)
 y - a +4 ring of protection (right hand)
Wands
 u - a wand of iceblast (5)
 x - a wand of flame (9)
Scrolls
 e - a scroll of enchant weapon
 g - 2 scrolls of amnesia
 k - 3 scrolls of enchant armour
 p - 2 scrolls of vulnerability
 q - 2 scrolls of teleportation
Potions
 d - 2 potions of might
 f - 3 potions of attraction
 i - 2 potions of degeneration
 j - a potion of flight
 n - 2 potions of haste
 o - a potion of lignification
 v - 4 potions of resistance
 D - a potion of magic


   Skills:
 + Level 10.2 Fighting
 * Level 12.7 Axes
 - Level 3.6 Armour
 - Level 3.2 Shields


You had 10 spell levels left.
You didn't know any spells.
Your spell library contained the following spells:

 Spells                   Type           Power      Damage    Failure   Level
 Slow                     Hex            0%         N/A       100%        1
 Confusing Touch          Hex            0%         N/A       100%        3
 Dazzling Flash           Conj/Hex       0%         N/A       100%        3
 Vampiric Draining        Necr           0%         2d6       100%        3
 Volatile Blastmotes      Fire/Tloc      0%         2d10      100%        3
 Iskenderun's Mystic Bla  Conj/Tloc      0%         2d3       100%        4
 Passage of Golubria      Tloc           0%         N/A       100%        4
 Petrify                  Tmut/Erth      0%         N/A       100%        4
 Agony                    Necr           0%         N/A       100%        5
 Metabolic Englaciation   Hex/Ice        0%         N/A       100%        5
 Silence                  Hex/Air        0%         N/A       100%        5
 Starburst                Conj/Fire      0%         6d3       100%        6
 Statue Form              Tmut/Erth      0%         N/A       100%        6
 Lehudib's Crystal Spear  Conj/Erth      0%         10d2      100%        8


Dungeon Overview and Level Annotations

Branches:
Dungeon (9/15)             Temple (0/1) D:5            Lair (1/5) D:9
    Orc: D:9-12

Altars:
Fedhas
Gozag
Nemelex Xobeh
Qazlal
Vehumet
Xom
Zin

Shops:
D:4 ***   D:5 :   D:9 =

Annotations:
D:9 exclusion: orange crystal statue


Innate Abilities, Weirdness & Mutations

You are completely covered in rugged brown scales. (AC +3, +7% HP)
Armour fits poorly on your strangely shaped body.
You have a long armoured tail.
You roll when moving toward enemies. (Rampage)
Your long tongue fully drains potion bottles. (2x potion effects)
Your tongue gives you trouble enunciating. (1.5x scroll delay)
You are frail. (-10% HP)
You are strong-willed. (Will+)
Your spells are a little harder to cast, but a little more powerful.


Message History

You roll towards the wolf!
A wolf comes into view.
The wolf howls!
You hit the wolf. You freeze the wolf.
The wolf is moderately wounded.
You miss the wolf.
The wolf is moderately wounded.
The wolf bites you.
* * * LOW HITPOINT WARNING * * *
You barely miss the wolf.
Your tail-slap misses the wolf.
The wolf is moderately wounded.
The wolf is distracted by your dazzling golden aura.
The wolf howls!
You hit the wolf. You freeze the wolf.
The wolf is no longer distracted by gold.
The wolf is heavily wounded.
The wolf is distracted by your dazzling golden aura.
The wolf bites you.
* * * LOW HITPOINT WARNING * * *
You barely miss the wolf.
The wolf is heavily wounded.
You barely miss the wolf.
The wolf howls!
Your tail-slap misses the wolf.
The wolf is heavily wounded.
The wolf is no longer distracted by gold. x2
You block the wolf's attack.
You slash the wolf! You freeze the wolf.
The wolf is almost dead.
The wolf bites you but does no damage.
You slash the wolf! You freeze the wolf.
You kill the wolf!
You slash the wolf! You freeze the wolf.
The wolf is severely wounded.
The wolf barely misses you.
You closely miss the wolf.
Your tail-slap misses the wolf.
The wolf is severely wounded.
The wolf bites you.
You die...
Your body crumbles into a pile of gold.

.#.#.# .....# ........##.
.#>#.## ####.......#..
......# ##P#..........#
.#.#..####............#
.....................#
.#.##...........h....#
#####...........h....#
##...........@.:..##
##..........!.$.$...##
#.............$......#
#.............$........#
..?.....................#
.........................
.........................
.>.......................
.......................#P


You could see 2 wolves.

Vanquished Creatures
  Harold (Lair:1)
  3 two-headed ogres
  A gargoyle (D:8)
  2 komodo dragons (Lair:1)
  A troll (D:8)
  Grinder (D:4)
  2 hornets (D:8)
  A slime creature (D:8)
  2 wyverns
  11 yaks
  Eustachio (D:6)
  A steam dragon (D:8)
  Grum (D:8)
  A golden eye (shapeshifter) (D:9)
  Menkaure (D:6)
  2 water moccasins
  2 black bears
  3 orc warriors
  2 hornet zombies (D:8)
  2 ogres (D:5)
  8 wolves
  3 centaurs
  2 phantoms
  A kobold brigand (D:8)
  Blork the orc (D:6)
  A scorpion (D:4)
  5 bullfrogs
  A gnoll sergeant (D:9)
  A wyvern zombie (D:8)
  6 wights
  4 killer bees (D:9)
  A centaur zombie (D:8)
  3 gnoll boudas
  4 hounds
  12 orc priests
  A jelly (D:6)
  4 iguanas
  A sleepcap (D:7)
  9 orc wizards
  2 killer bee zombies (D:8)
  A howler monkey zombie (D:8)
  9 adders
  19 gnolls
  3 shadow imps
  A white imp (D:5)
  3 ufetubi
  4 worms
  4 dart slugs
  27 orcs
  5 ball pythons
  5 endoplasms
  3 giant cockroaches
  8 goblins
  11 hobgoblins
  16 kobolds
  4 quokkas
  5 bats
  2 frilled lizards
  5 rats
246 creatures vanquished.

Vanquished Creatures (others)
  An orc wizard (D:5)
  12 fungi
  6 toadstools (D:8)
  A withered plant (D:8)
20 creatures vanquished.

Grand Total: 266 creatures vanquished

Notes
Turn   | Place    | Note
-------+----------+-------------------------------------------
     0 | D:1      | Anothat the Armataur Fighter began the quest for the Orb.
     0 | D:1      | Reached XP level 1. HP: 19/19 MP: 1/1
    46 | D:1      | Reached skill level 2 in Axes
    96 | D:1      | Reached XP level 2. HP: 22/26 MP: 2/2
   641 | D:1      | Reached XP level 3. HP: 33/33 MP: 3/3
  1335 | D:2      | Reached skill level 3 in Axes
  1391 | D:2      | Reached XP level 4. HP: 32/40 MP: 4/4
  2429 | D:3      | Reached XP level 5. HP: 44/49 MP: 3/5
  2682 | D:3      | Found a glowing silver altar of Zin.
  2837 | D:3      | Reached skill level 4 in Axes
  3221 | D:4      | Reached XP level 6. HP: 54/55 MP: 4/6
  3274 | D:4      | Found Xeckem's Lightly-Used Armoury.
  3312 | D:4      | Noticed Grinder
  3314 | D:4      | Paralysed by Grinder for 5 turns
  3326 | D:4      | Killed Grinder
  3327 | D:4      | Reached skill level 5 in Axes
  3366 | D:4      | Found an opulent altar of Gozag.
  3426 | D:4      | Became a worshipper of Gozag Ym Sagoz the Greedy
  3434 | D:4      | Found Mioroe's Specific Store.
  3436 | D:4      | Found Kefus's General Store.
  3442 | D:4      | Bought a potion of heal wounds for 55 gold pieces
  3494 | D:4      | Reached XP level 7. HP: 37/64 MP: 4/7
  3986 | D:5      | Entered Level 5 of the Dungeon
  4023 | D:5      | Found Gaut's Self-Improvement Boutique.
  4072 | D:5      | Reached skill level 5 in Fighting
  4087 | D:5      | Reached skill level 6 in Axes
  4355 | D:5      | Found a radiant altar of Vehumet.
  4513 | D:5      | Found a staircase to the Ecumenical Temple.
  4551 | D:5      | Reached XP level 8. HP: 73/73 MP: 8/8
  4845 | D:5      | Reached skill level 7 in Axes
  4944 | D:5      | Found a shimmering altar of Xom.
  5411 | D:6      | Noticed Menkaure
  5417 | D:6      | Killed Menkaure
  5573 | D:6      | Found a blossoming altar of Fedhas.
  5788 | D:6      | Noticed Eustachio
  5789 | D:6      | Noticed Blork the orc
  5794 | D:6      | Killed Blork the orc
  5795 | D:6      | Reached skill level 8 in Axes
  5804 | D:6      | Killed Eustachio
  6268 | D:7      | Reached XP level 9. HP: 83/83 MP: 9/9
  6741 | D:7      | Reached skill level 9 in Axes
  7024 | D:7      | Found a sparkling altar of Nemelex Xobeh.
  7141 | D:7      | Found a stormy altar of Qazlal.
  7711 | D:8      | Noticed Grum
  7740 | D:8      | HP: 4/86 [Grum/+1 spear (12)]
  7746 | D:8      | Reached skill level 10 in Axes
  7749 | D:8      | Killed Grum
  7953 | D:8      | Noticed a gargoyle
  7966 | D:8      | Killed a gargoyle
  7967 | D:8      | Reached XP level 10. HP: 93/94 MP: 10/10
  8398 | D:8      | HP: 4/96 [wight/+2 battleaxe of freezing (1)]
  8399 | D:8      | HP: 1/96 [orc priest/nerve-wracking pain (3)]
  9091 | D:8      | Reached skill level 11 in Axes
  9095 | D:8      | Gained mutation: Your muscles are strong. (Str +4, Int/Dex
                  | -1) [potion of mutation]
  9095 | D:8      | Gained mutation: You have hidden genetic defects. [potion
                  | of mutation]
  9095 | D:8      | Lost mutation: You have hidden genetic defects. [potion of
                  | mutation]
  9095 | D:8      | Lost mutation: Your muscles are strong. (Str +4, Int/Dex
                  | -1) [potion of mutation]
  9095 | D:8      | Gained mutation: You passively dampen the noise of your
                  | surroundings. [potion of mutation]
  9095 | D:8      | Gained mutation: You have an increased reservoir of magic.
                  | (+10% MP) [potion of mutation]
  9095 | D:8      | Gained mutation: Your system is resistant to poisons.
                  | (rPois) [potion of mutation]
  9295 | D:8      | Noticed a two-headed ogre
  9307 | D:8      | Killed a two-headed ogre
  9503 | D:8      | Noticed a two-headed ogre
  9510 | D:8      | Killed a two-headed ogre
  9625 | D:8      | Reached XP level 11. HP: 87/103 MP: 10/12
  9857 | D:9      | Reached skill level 12 in Axes
 10069 | D:9      | a raiju changed into an entropy weaver
 10069 | D:9      | Noticed an entropy weaver (shapeshifter)
 10079 | D:9      | an entropy weaver changed into a golden eye
 10240 | D:9      | Found Qapearum's Jewellery Shop.
 10362 | D:9      | Noticed a two-headed ogre
 10369 | D:9      | Killed a two-headed ogre
 10985 | D:9      | Found a staircase to the Lair.
 11036 | D:9      | Noticed an orange crystal statue
 11235 | D:9      | Noticed a two-headed ogre
 11385 | Lair:1   | Entered Level 1 of the Lair of Beasts
 11416 | Lair:1   | Lost mutation: You have an increased reservoir of magic.
                  | (+10% MP) [potion of mutation]
 11416 | Lair:1   | Lost mutation: Your system is resistant to poisons. (rPois)
                  | [potion of mutation]
 11416 | Lair:1   | Lost mutation: You passively dampen the noise of your
                  | surroundings. [potion of mutation]
 11416 | Lair:1   | Gained mutation: You are strong-willed. (Will+) [potion of
                  | mutation]
 11416 | Lair:1   | Gained mutation: You are frail. (-10% HP) [potion of
                  | mutation]
 11416 | Lair:1   | Gained mutation: Your spells are a little harder to cast,
                  | but a little more powerful. [potion of mutation]
 11472 | Lair:1   | Noticed Harold
 11496 | Lair:1   | Killed Harold
 11497 | Lair:1   | Reached skill level 10 in Fighting
 11511 | Lair:1   | HP: 6/144 [wolf (6)]
 11520 | Lair:1   | HP: 6/144 [wolf (2)]
 11522 | Lair:1   | HP: 1/144 [wolf (5)]
 11528 | Lair:1   | Slain by a wolf

Illustrated notes

Levels and vault maps discovered:
D:1:      eino_arrival_cavern_a, layout_basic
D:2:      layout_basic, due_unseen_surprise
D:3:      layout_rooms, mainiacjoe_overflow_alcove_1, minmay_crystal_water
D:4:      layout_gridville, nicolae_gozag_seed_capital,
          hangedman_abyss_or_decor_passed, nicolae_specific_store,
          minmay_shop_damaged, grunt_ministairs_5, minmay_puff, uniq_grinder
D:5:      layout_loops_ring, tgw_xom, mainiacjoe_overflow_concentric_impassable,
          temple_green, nicolae_shop_self_help
D:6:      layout_basic, old_standard_altar, serial_park_tiny_2, uniq_menkaure,
          uniq_blork_the_orc, uniq_eustachio
D:7:      layout_basic, overflow_temple_1_default, general_overflow_altar
D:8:      layout_basic, serial_undead, serial_undead_b, serial_undead_c,
          serial_undead_d, serial_undead_a, minmay_gold_behind_fungi,
          minmay_manual_mess, uniq_grum
D:9:      layout_gridville, lair_entry_dummy, serial_shops,
          nicolae_diamond_shop, minivault_16
Lair:1:   layout_cave_pods, st_stairs_12, infiniplex_staircase_pool_2,
          grunt_megastairs_2, uniq_harold

Skill      XL: |  1  2  3  4  5  6  7  8  9 10 11 |
---------------+----------------------------------+-----
Axes           | 2 3 4 5 6 8 10 11 12 | 12.7
Fighting       | 3 4 5 6 8 9 10 | 10.2
Armour         | |  3.6
Shields        | |  3.2

Action                     |  1- 3 |  4- 6 |  7- 9 | 10-12 || total
---------------------------+-------+-------+-------+-------++-------
  Melee: War axe           |   106 |   157 |   148 |       ||   411
         Tailslap          |    10 |    11 |    46 |    41 ||   108
         Hand axe          |       |       |   165 |   294 ||   459
  Throw: Throwing net      |       |       |     1 |       ||     1
 Invoke: Potion Petition   |       |       |     1 |     2 ||     3
  Evoke: Wand              |       |       |     5 |    12 ||    17
    Use: Scroll            |       |     7 |     5 |     5 ||    17
         Potion            |       |       |     7 |     4 ||    11
   Stab: Distracted        |       |       |     1 |       ||     1
 Armour: Scale mail        |    52 |       |       |       ||    52
         Plate armour      |    22 |   132 |   207 |   217 ||   578
  Dodge: Dodged            |    23 |    34 |    61 |    71 ||   189
  Block: Buckler           |    24 |    26 |    65 |    50 ||   165
